Get step-by-step instructions on how to execute this build order below. Start the game timer, and the build order will tick by so you can play in parallel with StarCraft on a second screen or mobile device.

Game Time

  0:00

Last Step

  N/A

Next Step

Upcoming Step



Don't want to look back and forth between 2 screens? Try out our Overwolf App, the Spawning Tool Build Advisor to get an in-game overlay with this build!

Complete Build Order

  12  0:00  SCV  
  13  0:12  SCV  
  14  0:16  Supply Depot  
  14  0:24  SCV  
  15  0:38  SCV  
  15  0:39  Barracks  
  16  0:45  Refinery  
  16  0:51  SCV  
  17  1:03  SCV  
  18  1:16  SCV  
  19  1:28  Reaper  
  19  1:29  Orbital Command  
  20  1:47  Command Center  
  20  1:55  SCV  
  21  2:01  Supply Depot, Marine  
  21  2:08  SCV  
  23  2:13  Factory  
  23  2:22  Refinery  
  23  2:23  SCV  
  23  2:26  Barracks Reactor  
  24  2:31  Bunker  
  24  2:35  SCV  
  25  2:47  SCV  
  27  2:58  Hellion  
  27  3:01  SCV  
  27  3:02  Orbital Command  
  27  3:05  Marine x2  
  29  3:11  Starport  
  30  3:17  SCV  
  33  3:20  Widow Mine  
  33  3:23  Marine x2  
  35  3:29  SCV  
  35  3:30  SCV  
  36  3:41  SCV, Marine  
  38  3:43  SCV  
  38  3:44  Widow Mine  
  38  3:48  Marine, Supply Depot  
  41  3:52  Medivac  
  41  3:53  SCV  
  41  3:55  SCV  
  46  4:02  Bunker  
  46  4:04  Supply Depot  
  46  4:05  Factory Tech Lab  
  46  4:09  Marine x2  
  48  4:11  SCV x2  
  50  4:20  Barracks  
  50  4:24  Siege Tank  
  53  4:25  SCV  
  53  4:26  SCV  
  53  4:28  Starport Tech Lab  
  53  4:29  Marine  
  56  4:31  Supply Depot  
  56  4:32  Marine  
  57  4:38  SCV  
  57  4:41  SCV  
  57  4:48  Barracks, Raven  
  59  4:53  Refinery  
  59  4:55  SCV  
  59  4:56  Siege Tank, Supply Depot  
  59  4:59  Marine x2  
  59  5:03  SCV  
  60  5:07  SCV  
  60  5:08  Engineering Bay  
  60  5:11  Barracks Tech Lab  
  61  5:15  SCV  
  61  5:19  SCV  
  63  5:25  Marine x2  
  63  5:27  SCV  
  65  5:30  Starport Reactor  
  65  5:32  SCV  
  56  5:39  SCV  
  56  5:41  Marine  
  53  5:44  SCV